 Dungeon Crawl Stone Soup version 0.31-a0-1370-gf52a5a9ab3 (webtiles) character file.

Game seed: 7559853662326663337

2015 night the Toxicologist (level 9, -2/74 HPs)
             Began as an Oni Alchemist on Dec 21, 2023.
             Slain by a water moccasin (6 damage)
             ... on level 5 of the Dungeon on Dec 23, 2023.
             The game lasted 00:17:54 (6558 turns).

night the Toxicologist (Oni Alchemist)              Turns: 6558, Time: 00:17:55

Health: -2/74      AC:  5    Str: 14    XL:     9   Next: 22%
Magic:  23/29      EV:  9    Int: 20    God:
Gold:   249        SH:  0    Dex:  9    Spells: 13/23 levels left

rFire   + . .        k - +0 giant club
rCold   + . .        (shield currently unavailable)
rNeg    . . .        a - +0 robe
rPois   +            (helmet restricted)
rElec   +            n - +1 cloak
rCorr   +            (gloves unavailable)
SInv    .            (boots unavailable)
Will    .....        (no amulet)
Stlth   +            j - ring of magical power
HPRegen 0.32/turn    (no ring)
MPRegen 0.21/turn

%: no passive effects
@: lethally poisoned (-2 -> -5), resistant, hasted, very quick
A: large, unfitting armour, horns 1, tough skin 1, double potion healing,
drunken brawling
a: no special abilities


You were on level 5 of the Dungeon.
You visited 1 branch of the dungeon, and saw 6 of its levels.

You collected 249 gold pieces.

Inventory:

Hand Weapons
 h - a +2 dagger of electrocution
 k - a +0 giant club (weapon)
 p - a +1 vampiric whip
Missiles
 e - 33 stones
 o - 4 atropa-tipped darts
Armour
 a - a +0 robe (worn)
 n - a +1 cloak (worn)
Jewellery
 j - a ring of magical power (left hand)
 q - an amulet of regeneration
Wands
 r - a wand of iceblast (14)
Scrolls
 f - a scroll of fear {unknown}
 i - 2 scrolls of teleportation
 l - a scroll of identify
 m - a scroll of enchant armour
 s - a scroll of summoning {unknown}
Potions
 b - 2 potions of magic
 c - a potion of enlightenment
 d - a potion of cancellation


   Skills:
 - Level 1.0 Maces & Flails
 - Level 1.7 Dodging
 - Level 1.4 Stealth
 + Level 7.8 Spellcasting
 - Level 0.8 Conjurations
 * Level 9.2 Alchemy


You had 13 spell levels left.
You knew the following spells:

 Your Spells              Type           Power      Damage    Failure   Level
a - Sting                 Conj/Alch      100%       1d9       1%          1
b - Mercury Vapours       Alch/Air       52%        N/A       1%          2
c - Mephitic Cloud        Conj/Alch/Air  21%        N/A       6%          3
d - Olgreb's Toxic Radia  Alch           44%        N/A       1%          4

Your spell library contained the following spells:

 Spells                   Type           Power      Damage    Failure   Level
 Passwall                 Alch/Erth      21%        N/A       1%          2
 Sandblast                Erth           14%        2d6       9%          1
 Sticky Flame             Fire/Alch      26%        2d6       13%         4
 Stone Arrow              Conj/Erth      18%        3d8       22%         3
 Call Canine Familiar     Summ           7%         N/A       26%         3
 Sigil of Binding         Hex            7%         N/A       26%         3
 Brom's Barrelling Bould  Conj/Erth      9%         2d3       58%         4
 Dimensional Bullseye     Hex/Tloc       3%         N/A       65%         4


Dungeon Overview and Level Annotations

Branches:
Dungeon (6/15)
 Temple: D:4-7

Altars:
Nemelex Xobeh
Yredelemnul
The Shining One


Innate Abilities, Weirdness & Mutations

You are too large for most types of armour.
You have a pair of small horns on your head.
You have tough skin. (AC +1)
You gain doubled healing and magic from potions.
Whenever you drink a healing potion, you attack all around you.


Message History

The water moccasin bites you.
You are poisoned.
The water moccasin poisons you! The orc hits you with a +0 dagger.
The adder bites you but does no damage. The water moccasin barely misses you.
You closely miss the water moccasin.
The water moccasin is lightly wounded.
You feel very sick. The water moccasin barely misses you.
The orc barely misses you. The adder bites you.
The water moccasin barely misses you. The adder closely misses you.
The orc hits you but does no damage.
You feel sick. The adder bites you.
You are more poisoned.
The adder poisons you! The orc hits you but does no damage.
You feel very sick. The adder bites you but does no damage.
The orc suddenly curses, as Orcs often do.
The water moccasin bites you.
You are more poisoned.
The water moccasin poisons you!
You feel very sick.
You feel very sick.
The jelly jiggles.
You can't go up here!
You feel very sick.
There is a stone staircase leading up here.
You feel very sick.
The water moccasin bites you but does no damage.
The water moccasin closely misses you.
You climb upwards.
Reactivating autopickup.
You feel sick.
There is a stone staircase leading down here.
It was a potion of resistance.
You feel protected.
You feel sick. The water moccasin bites you!
* * * LOW HITPOINT WARNING * * *
You feel yourself speed up.
You feel sick. The water moccasin bites you.
* * * LOW HITPOINT WARNING * * *
The water moccasin bites you.
You die...

###..##....##...'_'..##
#.....#....##.#≈###≈..####
####...##....#...≈≈≈≈≈..##.#
##..#.....#........###...#..####
#.........###.#...###..........#
##...............####...###....#
#............#........PP.##.#.##
##..........##...P....P..##.#..#
##.........##.@.§§.....P##.....
###...........#..S≈≈......##.....
#...#...........#P.P..#..........
##...##.........#..####.........)
....................####.........
##...##.........#.....##.........
#....##.........#......##........
....###.........#..#....[........
.....##.....#.....####.....))....


You could see a water moccasin.

Vanquished Creatures
  Duvessa (D:5)
  A water moccasin (D:4)
  2 black bears (D:5)
  2 ogres
  3 phantoms (D:4)
  A bullfrog (D:6)
  6 scorpions
  Dowan (D:5)
  2 howler monkeys
  A quasit (D:5)
  An orc priest (D:4)
  2 hounds (D:4)
  A gnoll bouda (D:4)
  A jelly (D:5)
  Jessica (D:2)
  4 orc wizards
  Natasha (thrice) (D:2)
  7 gnolls
  7 adders
  6 shadow imps
  4 ufetubi (D:5)
  3 worms
  5 orcs
  8 bats
  11 endoplasms
  9 giant cockroaches
  7 goblins
  6 hobgoblins
  2 jackals (D:2)
  3 quokkas
  5 ball pythons
  3 frilled lizards
  6 kobolds
  7 rats
132 creatures vanquished.

Notes
Turn   | Place    | Note
-------+----------+-------------------------------------------
     0 | D:1      | night the Oni Alchemist began the quest for the Orb.
     0 | D:1      | Reached XP level 1. HP: 16/16 MP: 3/3
   285 | D:1      | Reached skill level 3 in Alchemy
   285 | D:1      | Gained mutation: You gain doubled healing and magic from
                  | potions. [Oni growth]
   285 | D:1      | Gained mutation: You have a pair of small horns on your
                  | head. [Oni growth]
   285 | D:1      | Gained mutation: You have tough skin. (AC +1) [Oni growth]
   285 | D:1      | Reached XP level 2. HP: 24/24 MP: 1/5
   289 | D:1      | Learned a level 2 spell: Mercury Vapours
  1191 | D:1      | Reached skill level 1 in Maces & Flails
  1317 | D:1      | Reached XP level 3. HP: 31/31 MP: 1/7
  1378 | D:1      | Learned a level 3 spell: Mephitic Cloud
  2017 | D:2      | Found a basalt altar of Yredelemnul.
  2090 | D:2      | Noticed Jessica
  2099 | D:2      | Killed Jessica
  2100 | D:2      | Reached XP level 4. HP: 38/39 MP: 3/9
  2398 | D:2      | Reached skill level 4 in Alchemy
  2579 | D:2      | Noticed Natasha
  2586 | D:2      | Killed Natasha
  2793 | D:2      | Noticed Natasha
  2800 | D:2      | Killed Natasha
  2801 | D:2      | Reached XP level 5. HP: 43/45 MP: 10/10
  2874 | D:2      | Noticed Natasha
  2894 | D:2      | Killed Natasha
  3192 | D:3      | Found a sparkling altar of Nemelex Xobeh.
  3508 | D:3      | Learned a level 4 spell: Olgreb's Toxic Radiance
  3577 | D:3      | Found a runed translucent door.
  3577 | D:3      | Noticed a human
  3582 | D:3      | Found a basalt altar of Yredelemnul.
  3617 | D:3      | Reached XP level 6. HP: 50/53 MP: 12/12
  3796 | D:3      | Reached skill level 5 in Alchemy
  4099 | D:4      | Reached XP level 7. HP: 50/59 MP: 14/14
  4100 | D:4      | Reached skill level 5 in Spellcasting
  4102 | D:4      | Reached skill level 6 in Alchemy
  5059 | D:5      | Entered Level 5 of the Dungeon
  5084 | D:4      | Reached skill level 7 in Alchemy
  5084 | D:4      | Reached XP level 8. HP: 23/67 MP: 10/17
  5529 | D:4      | HP: 9/67 [poisoned by a scorpion]
  5846 | D:5      | Noticed Duvessa
  5846 | D:5      | Noticed Dowan
  5852 | D:5      | Killed Dowan
  5858 | D:5      | Killed Duvessa
  5859 | D:5      | Reached skill level 8 in Alchemy
  6089 | D:5      | Reached XP level 9. HP: 65/74 MP: 14/20
  6147 | D:5      | Reached skill level 9 in Alchemy
  6316 | D:5      | Found a glowing golden altar of the Shining One.
  6358 | D:5      | Upgraded the game from 0.31-a0-1336-g7fd7ca34b5 to
                  | 0.31-a0-1370-gf52a5a9ab3
  6557 | D:5      | HP: 6/74 [water moccasin (7)]
  6558 | D:5      | Slain by a water moccasin

Illustrated notes

Levels and vault maps discovered:
D:1:      dpeg_arrival_renting, layout_basic, serial_curves, eino_curves_04,
          eino_curves_02, eino_curves_02, eino_curves_04, fountainhead,
          chequers_serial_rivers_micro_e
D:2:      layout_rooms, basic_altar, dk_noncrumbling_4, minmay_crystal_water,
          uniq_natasha, uniq_jessica
D:3:      layout_loops_ring, dk_yredelemnul_ordeal,
          nemelex_xobeh_ov_fountains_minmay
D:4:      minmay_wonky_spiral, layout_rooms
D:5:      layout_cave_pools, kennysheep_mini_moat, serial_demonic,
          serial_demonic_g, serial_demonic_a, serial_demonic_b,
          serial_demonic_a, serial_demonic_c, serial_demonic_g, uniq_duvessa
D:6:      hangedman_cross_stitches, layout_loops_cross, kennysheep_little_box,
          minmay_temple_entry_waves, ebering_ghost_rock_garden, uniq_eustachio

Skill      XL: |  1  2  3  4  5  6  7  8  9 |
---------------+----------------------------+-----
Alchemy        | 3 4 5 7 8 9 |  9.2
Maces & Flails | 1 |  1.0
Spellcasting   | 3 4 6 7 |  7.8
Dodging        | |  1.7
Stealth        | |  1.4
Conjurations   | |  0.8

Action                     |  1- 3 |  4- 6 |  7- 9 || total
---------------------------+-------+-------+-------++-------
  Melee: Unarmed           |    23 |       |       ||    23
         Headbutt          |     3 |    16 |    22 ||    41
         Dagger            |    10 |    87 |    99 ||   196
         Punch             |       |     1 |       ||     1
         Whip              |       |       |    31 ||    31
         Giant club        |       |       |    16 ||    16
   Cast: Sting             |    21 |    10 |    24 ||    55
         Mercury Vapours   |    27 |    48 |    51 ||   126
         Mephitic Cloud    |       |     4 |     1 ||     5
         Olgreb's Toxic Ra |       |     2 |    21 ||    23
    Use: Scroll            |       |       |     7 ||     7
         Potion            |       |       |     2 ||     2
   Stab: Sleeping          |     1 |     1 |       ||     2
         Confused          |       |     1 |       ||     1
 Armour: Robe              |    17 |    58 |   181 ||   256
  Dodge: Dodged            |    12 |    30 |    85 ||   127

Table legend: (Time is in decaauts)
 A = Elapsed time spent in this place.
 B = Non-inter-level travel time spent in this place.
 C = Inter-level travel time spent in this place.
 D = Time resting spent in this place.
 E = Time spent auto-exploring this place.
 F = Levels seen in this place.
 G = Mean time per level.
                   A        B        C        D        E       F      G
               +--------+--------+--------+--------+--------+-----+--------+
         Total |   6567 |   6412 |    155 |   1077 |   4273 |   6 | 1094.5 |
       Dungeon |   6567 |   6412 |    155 |   1077 |   4273 |   6 | 1094.5 |
               +--------+--------+--------+--------+--------+-----+--------+

Top non-repeatable levels by time:
     D:1: 1856 daAuts
     D:4: 1812 daAuts
     D:2: 1145 daAuts
     D:3: 878 daAuts
     D:5: 833 daAuts
     D:6: 41 daAuts
